 Dungeon Crawl Stone Soup version 0.21-a0-143-g1ab7d47 (webtiles) character file.

1906 KKCryptic the Nimble (level 9, -9/57 HPs)
             Began as a Merfolk Ice Elementalist on July 25, 2017.
             Was a Believer of Vehumet.
             Shot with a sling bullet by Joseph (14 damage)
             ... on level 7 of the Dungeon on July 26, 2017.
             The game lasted 00:42:15 (7370 turns).

KKCryptic the Nimble (Merfolk Ice Elementalist)     Turns: 7370, Time: 00:42:15

Health: -9/57      AC: 20    Str:  8    XL:     9   Next: 16%
Magic:  1/14       EV: 16    Int: 17    God:    Vehumet [**....]
Gold:   269        SH:  2    Dex: 15    Spells: 2/14 levels left

rFire    . . .     SeeInvis .   r - +0 halberd
rCold    . . .     Gourm    .   (shield currently unavailable)
rNeg     . . .     Faith    .   B - +0 leather armour (curse)
rPois    .         Spirit   .   C - +0 helmet
rElec    .         Reflect  +   d - +0 cloak
rCorr    .         Harm     .   (no gloves)
MR       .....                  p - +1 pair of boots
Stlth    ++........             y - +2 amulet of reflection
HPRegen  0.19/turn              n - +3 ring of protection
MPRegen  0.14/turn              m - +4 ring of protection

@: icy armour, about to teleport, slow
A: change form in water, swift swim, stealthy swim
a: Renounce Religion


You were on level 7 of the Dungeon.
You worshipped Vehumet.
Vehumet was pleased with you.
You were hungry.

You visited 2 branches of the dungeon, and saw 8 of its levels.

You collected 269 gold pieces.

Inventory:

Hand Weapons
 l - the +7 quarterstaff of Xoselaf {holy, *Corrode MR- Int+5 Dex+10}
   (You found it on level 6 of the Dungeon)

   It has been blessed by the Shining One to cause great damage to the undead
   and demons.
   It affects your intelligence (+5).
   It affects your dexterity (+10).
   It affects your resistance to hostile enchantments.
   It may corrode you when you take damage.
 o - the +7 great mace "Firestarter" {inner flame, rF++}
   (You found it on level 6 of the Dungeon)

   It has been specially enchanted to burn those struck by it, causing extra
   injury to most foes and up to half again as much damage against particularly
   susceptible opponents.
   It greatly protects you from fire.
 q - a +1 trident
 r - a +0 halberd (weapon)
Armour
 a - a +0 robe
 d - a +0 cloak (worn)
 p - a +1 pair of boots (worn)
 B - a cursed +0 leather armour (worn)
 C - a +0 helmet (worn)
Jewellery
 g - an uncursed ring of positive energy
 m - a +4 ring of protection (right hand)
 n - a +3 ring of protection (left hand)
 y - a +2 amulet of reflection (around neck)
 D - a cursed amulet of inaccuracy {unknown}
Wands
 E - a wand of flame (29/48)
Scrolls
 f - a scroll of brand weapon {unknown}
 i - 3 scrolls of remove curse
 j - 2 scrolls of teleportation
 k - 2 scrolls of enchant armour
 v - a scroll of immolation {unknown}
 w - a scroll of blinking {unknown}
 z - a scroll of enchant weapon
 A - a scroll of fear {unknown}
 F - a scroll of magic mapping {unknown}
Potions
 h - a potion of brilliance
 s - a potion of flight
 t - a potion of mutation
 u - a potion of might {unknown}
 x - a potion of cancellation {unknown}
Books
 b - a book of Frost

   Spells                             Type                      Level
   a - Freeze                         Ice                          1
   b - Throw Frost                    Conjuration/Ice              2
   c - Ozocubu's Armour               Charms/Ice                   3
   d - Throw Icicle                   Conjuration/Ice              4
   e - Summon Ice Beast               Ice/Summoning                4
Comestibles
 c - 7 bread rations


   Skills:
 + Level 7.8 Polearms
 + Level 8.2 Dodging
 - Level 4.1 Stealth
 - Level 3.4 Spellcasting
 - Level 2.0 Conjurations
 - Level 2.2 Summonings
 + Level 7.3 Ice Magic


You had 2 spell levels left.
You knew the following spells:

 Your Spells              Type           Power        Failure   Level  Hunger
a - Freeze                Ice            ####         1%          1    None
b - Throw Frost           Conj/Ice       ###...       5%          2    ##.....
c - Ozocubu's Armour      Chrm/Ice       ###.....     16%         3    ###....
d - Flame Tongue          Conj/Fire      #....        16%         1    None
e - Sting                 Conj/Pois      #...         16%         1    None
p - Summon Ice Beast      Ice/Summ       ###.....     32%         4    ####...


Dungeon Overview and Level Annotations

Branches:
Dungeon (7/15)             Temple (1/1) D:4

Altars:
Ashenzari
Dithmenos
Elyvilon
Fedhas
Gozag
Hepliaklqana
Kikubaaqudgha
Makhleb
Nemelex Xobeh
Okawaru
Qazlal
Trog
Vehumet
Wu Jian
Xom
Yredelemnul
Zin
The Shining One

Shops:
D:4 *

Annotations:
D:3 exclusion: oklob plant
D:7 Joseph


Message History

Joseph unwields an uncursed quarterstaff.
Joseph wields an uncursed hunting sling.
Joseph shoots a sling bullet.
The sling bullet hits you but does no damage.
You see here a sling bullet.
You feel better.
Joseph shoots a sling bullet.
The sling bullet hits you!
* * * LOW HITPOINT WARNING * * *
Okay, then.
Okay, then.
As you read the scroll labeled PYULAQ WIJI, it crumbles to dust.
You feel strangely unstable.
It was a scroll of teleportation.
Okay, then.
Casting: Freeze
Confirm with . or Enter, or press ? or * to list all spells.
Okay, then.
Casting: Freeze
Confirm with . or Enter, or press ? or * to list all spells.
A chill wind blows around you.
Joseph shoots a sling bullet.
The sling bullet hits you!
You die...

#........##......# ...
#..#...
#........##.##...# #.#
#.####.#
#...........###.###...#
.. .#
#.....^..######........
### #
#..................?...
##########......####
##..#.....#
#######..##.....#
#....##.###....@#
#....#..# #....(#
#....#.## #...Y@########
#......########.(...@...
#...............########
#....############ #....#
#....# ######


You could see Joseph and a friendly ice beast.

Vanquished Creatures
  A water moccasin (D:6)
  A black bear (D:6)
  2 orc warriors
  An ice beast (D:5)
  2 ogres
  The ghost of Umoon the Digger, an amateur HOEE of Ashenzari (D:3)
  2 centaurs
  A wyvern skeleton (D:6)
  3 killer bees (D:6)
  A crimson imp (D:7)
  2 hounds
  A centaur skeleton (D:4)
  3 orc priests (D:6)
  12 orc wizards
  A bullfrog skeleton (D:5)
  3 worker ants
  A worker ant zombie (D:7)
  4 gnolls (D:3)
  4 adders
  A shadow imp (D:6)
  An adder skeleton (D:4)
  3 worms
  2 dart slugs
  3 leopard geckos
  27 orcs
  9 bats
  2 giant cockroaches
  6 goblins
  10 hobgoblins
  9 jackals
  3 quokkas
  A ball python (D:6)
  5 frilled lizards
  4 kobolds
  5 rats
137 creatures vanquished.

Notes
Turn   | Place    | Note
-------+----------+-------------------------------------------
     0 | D:1      | KKCryptic the Merfolk Ice Elementalist began the quest for the Orb.
     0 | D:1      | Reached XP level 1. HP: 13/13 MP: 3/3
   324 | D:1      | Reached skill level 3 in Dodging
   324 | D:1      | Reached XP level 2. HP: 19/19 MP: 3/5
   521 | D:1      | Learned a level 2 spell: Throw Frost
   978 | D:1      | Reached XP level 3. HP: 22/24 MP: 3/6
  1373 | D:2      | Learned a level 3 spell: Ozocubu's Armour
  1423 | D:2      | Reached skill level 1 in Polearms
  1881 | D:2      | Reached XP level 4. HP: 30/30 MP: 3/7
  2210 | D:3      | Reached skill level 4 in Dodging
  2210 | D:3      | Reached skill level 5 in Ice Magic
  2210 | D:3      | Reached XP level 5. HP: 30/35 MP: 1/8
  2518 | D:3      | Noticed Umoon's ghost (amateur HOEE)
  2533 | D:4      | Found Zin's Purification Station.
  2535 | D:4      | Found a glowing silver altar of Zin.
  2586 | D:4      | Reached XP level 6. HP: 36/41 MP: 4/9
  2912 | D:4      | Found a staircase to the Ecumenical Temple.
  2921 | Temple   | Entered the Ecumenical Temple
  3040 | Temple   | Became a worshipper of Vehumet
  3120 | D:4      | Found a bloodstained altar of Trog.
  3184 | D:4      | Found a glowing golden altar of the Shining One.
  3472 | D:3      | Reached skill level 5 in Dodging
  3567 | D:3      | Killed Umoon's ghost
  3831 | D:3      | Found a blossoming altar of Fedhas.
  3848 | D:3      | Noticed an oklob plant
  4099 | D:5      | Entered Level 5 of the Dungeon
  4148 | D:5      | Found a stormy altar of Qazlal.
  4150 | D:5      | Noticed an air elemental
  4151 | D:5      | Noticed a fire elemental
  4151 | D:5      | Noticed a water elemental
  4194 | D:5      | Reached XP level 7. HP: 42/46 MP: 9/11
  4479 | D:5      | Reached skill level 5 in Polearms
  4479 | D:5      | Reached skill level 6 in Dodging
  5570 | D:6      | Reached * piety under Vehumet
  5570 | D:6      | Offered knowledge of Flame Tongue by Vehumet.
  5600 | D:6      | Learned a level 1 spell: Flame Tongue
  5605 | D:6      | Learned a level 4 spell: Summon Ice Beast
  5640 | D:6      | Reached skill level 1 in Conjurations
  5653 | D:6      | Reached XP level 8. HP: 26/52 MP: 10/13
  5857 | D:6      | Got a scorched quarterstaff
  5858 | D:6      | Identified the +7 quarterstaff of Xoselaf {holy, *Corrode MR- Int+5 Dex+10} (You found it on level 6 of the Dungeon)
  5932 | D:6      | Reached skill level 1 in Summonings
  6243 | D:6      | Reached skill level 7 in Dodging
  6643 | D:6      | Found an iron altar of Okawaru.
  6668 | D:6      | Reached ** piety under Vehumet
  6783 | D:6      | Offered knowledge of Sting by Vehumet.
  6984 | D:6      | Reached XP level 9. HP: 52/57 MP: 12/14
  6995 | D:6      | Learned a level 1 spell: Sting
  7135 | D:7      | Reached skill level 8 in Dodging
  7200 | D:7      | Found an ancient bone altar of Kikubaaqudgha.
  7200 | D:7      | Found a sparkling altar of Nemelex Xobeh.
  7205 | D:7      | Found a glowing golden altar of the Shining One.
  7206 | D:7      | Found a shimmering altar of Xom.
  7326 | D:7      | Noticed Joseph
  7370 | D:7      | Shot with a sling bullet by Joseph

Vault maps used:
D:1:      roderic_crop_circles_arrival_small
D:2:      first_bread, due_unseen_surprise
D:3:      tgw_fedhas, minmay_liquid_box
D:4:      zin_purify, bloody_trog, temple_pool_b, nicolae_tso_carved_into_rock
D:5:      nicolae_qazlal_style_of_elements
D:6:      kennysheep_mini_moat
D:7:      gammafunk_temple_overflow_elements,
          chequers_temple_overflow_statue_of_worship, nemelex_dance_club_becter,
          uniq_joseph
Temple:   nicolae_temple_figure_zero

Skill      XL: |  1  2  3  4  5  6  7  8  9 |
---------------+----------------------------+-----
Dodging        | 3 4 5 6 7 8 |  8.2
Ice Magic      | 4 5 6 7 |  7.3
Polearms       | 1 2 3 4 5 7 |  7.8
Spellcasting   | 3 |  3.4
Conjurations   | 1 2 |  2.0
Summonings     | 2 |  2.2
Stealth        | 4 |  4.1

Action                   |  1- 3 |  4- 6 |  7- 9 || total
-------------------------+-------+-------+-------++-------
Melee: Dagger            |    10 |       |       ||    10
       Spear             |    85 |   331 |    38 ||   454
       Trident           |       |       |   193 ||   193
       Halberd           |       |       |    29 ||    29
 Cast: Freeze            |    29 |    39 |    74 ||   142
       Throw Frost       |     2 |       |     2 ||     4
       Ozocubu's Armour  |     2 |     5 |     9 ||    16
       Summon Ice Beast  |       |       |     1 ||     1
  Use: Scroll            |       |     3 |    10 ||    13
       Potion            |       |       |     4 ||     4
 Stab: Sleeping          |     7 |    12 |     6 ||    25
       Distracted        |       |       |     1 ||     1
  Eat: Chunk             |     4 |     3 |     6 ||    13
       Meat ration       |       |     1 |     1 ||     2
       Fruit             |       |     1 |       ||     1
Armor: Robe              |     9 |   121 |    43 ||   173
       Leather armour    |       |       |    53 ||    53
Dodge: Dodged            |    54 |   182 |   196 ||   432
Block: Other             |       |     6 |    14 ||    20
       Reflection        |       |       |     2 ||     2
